[Event "Hungarian Junior Rapid-ch 2024"]
[Site "Budapest"]
[Date "2024.03.23"]
[Round "2.1"]
[White "Minga-Nagy, Abel Inti"]
[Black "Pasti, Aron"]
[Result "0-1"]
[ECO "B47"]
[WhiteElo "1929"]
[BlackElo "2373"]
[Annotator "TA"]
[PlyCount "70"]
[EventDate "2024.03.20"]
[EventType "swiss"]
[EventCountry "HUN"]
[SourceTitle "playchess.com"]
[Source "ChessBase"]
[SourceQuality "1"]
[TimeControl "600+5"]

1. e4 c5 2. Nf3 e6 3. d4 cxd4 4. Nxd4 Nc6 5. Nc3 Qc7 6. Nxc6 bxc6 7. Bd3 d5 8. exd5 cxd5 9. O-O {[%emt 0:00:06] Droht Nb5 und aus.} Bd6 (9... Nf6 $11) 10. h3 (10. Nb5 $16 Qb8 11. Nxd6+ Qxd6 12. Qg4) 10... a6 $11 11. Qg4 {[%emt 0:00:07][%cal Oc3d5] [#] Zielt auf Nxd5! ab.} Bh2+ (11... f5 $11 12. Qh5+ g6) 12. Kh1 $16 Be5 13. Re1 (13. Bf4 $16 {Bxe5 ist eine echte Drohung.} Bxf4 14. Nxd5 exd5 15. Qxg7) 13... Ne7 $1 $11 14. Bd2 Bf6 15. Qh5 Rb8 16. Bg5 Bxg5 17. Qxg5 O-O 18. Rab1 h6 19. Qh5 Qf4 20. Qe5 Qxe5 (20... Qxf2 $2 21. Qxb8 Nf5 22. Ne2 $18 (22. Bxf5 Qxf5 23. Qc7 f6 $18)) 21. Rxe5 f6 22. Ree1 e5 23. Red1 Bb7 (23... Be6 $15) 24. Na4 Rfc8 {[%emt 0:00:54] [#] Lässt Nc5 nicht zu. Und ...e4 würde nun gewinnen.} 25. b4 (25. c3 $11 {hält das Gleichgewicht.}) 25... e4 $17 26. Bf1 Rxc2 27. Nc5 Rxa2 {[%emt 0:00:24] ...Bc8 wäre nun fies.} 28. b5 a5 (28... Rxf2 $2 29. bxa6 (29. Nxa6 $2 Bxa6 30. bxa6 Rxb1 $19) 29... e3 30. axb7 $18 (30. Nxb7 e2 $14) (30. Rxb7 Rxb7 31. axb7 Rb2 $18)) 29. b6 $2 (29. Nxe4 $1 $11 a4 (29... dxe4 $2 {zu gefräßig.} 30. Bc4+ Kh8 31. Bxa2 $18) 30. Nc5) 29... Rc2 $19 30. Na6 (30. Rdc1 Rxc1 (30... Rxf2 31. Kg1 $17) 31. Rxc1) 30... Bxa6 {[%emt 0:00:08] Schwarz steht klar auf Gewinn.} 31. Bxa6 Rc6 ({Schwächer ist} 31... Rxf2 32. Rb5 $19) 32. Rb5 Rbxb6 33. Rxb6 Rxb6 34. Be2 Rb2 35. Bf1 Rxf2 {[%emt 0:00:01] Gewichteter Fehlerwert: Weiß=0.49/Schwarz=0.21 (präzise) .  Verlustzug:     	Weiß=1     	---        Fehler:       	Weiß=4     	Schwarz=3     Ungenau:       	Weiß=3     	Schwarz=1     OK:         	Weiß=4     	Schwarz=10    Bester:       	Weiß=1     	Schwarz=4     Stark:        	---       	Schwarz=1} 0-1

[Event "Hungarian Junior Rapid-ch 2024"]
[Site "Budapest"]
[Date "2024.03.23"]
[Round "2.2"]
[White "Karacsonyi, Gellert"]
[Black "Frank, Balint"]
[Result "1-0"]
[ECO "D02"]
[WhiteElo "2386"]
[BlackElo "1939"]
[Annotator "TA"]
[PlyCount "72"]
[EventDate "2024.03.20"]
[EventType "swiss"]
[EventCountry "HUN"]
[SourceTitle "playchess.com"]
[Source "ChessBase"]
[SourceQuality "1"]
[TimeControl "600+5"]

1. d4 Nf6 2. Nf3 d5 3. Bf4 c5 4. e3 Nc6 5. Nbd2 Qb6 6. dxc5 Qxc5 7. a3 Bf5 8. Rc1 {[%emt 0:00:22] White is slightly better.} Qb6 9. b4 e6 10. c4 Be7 11. c5 Qd8 12. Bb5 O-O 13. O-O Nh5 14. Bxc6 bxc6 15. Nd4 $36 {[%emt 0:00:02][%mdl 2048] White is really pushing.} Nxf4 16. Nxc6 {[%emt 0:00:10] A dynamic duo of knights.} Qc7 {[%emt 0:00:08] This move loses the game for Black.} ({Black should play} 16... Nh3+ $1 $14 17. gxh3 Qc7 18. Nxe7+ Qxe7) 17. Nxe7+ $18 Qxe7 18. exf4 Qc7 19. Qf3 h5 20. Nb3 ({Much less strong is} 20. Qxh5 Qxf4 21. Qe2 Rfd8 $18) 20... Be4 21. Qe3 a6 22. Nd4 Rac8 (22... Rab8 $142 23. Rfe1 Rfe8) 23. f3 {[%emt 0:00:09] Black is weak on the dark squares} Bg6 24. Qe5 Bd3 25. Rfd1 Bb5 26. Qxc7 (26. Qxh5 Qxf4 27. Qg4 Qe3+ 28. Kh1 Ba4 $14) 26... Rxc7 27. Rc3 Rfc8 28. Ra1 Bc6 (28... h4 $142 29. Kf2 Bc4) 29. a4 Rb8 30. Rb3 Bd7 {[%emt 0:00:11] [#]} 31. c6 $1 Bxc6 {[%emt 0:00:08] [#]} 32. Rc3 $1 Rb6 (32... Rxb4 33. Rxc6 (33. Nxc6 Rxf4 34. Kf2 g5 $18) 33... Rxc6 34. Nxc6 Rc4) 33. Rac1 $2 (33. b5) 33... Rxb4 {[%emt 0:00:02] White is clearly better.} 34. Rxc6 Rcb7 35. Rc8+ Kh7 36. Nc6 Rxa4 {Weighted Error Value: White=0.18 (very precise) /Black=0.39.  Mistake:       	White=1     	Black=5      Inaccurate:     	White=1     	Black=3      OK:         	White=17    	Black=11     Best:        	White=1     	Black=2      Strong:       	White=1     	---        Brilliant:      	White=1     	---} (36... Rxf4 $16 {is a better defense.} 37. Nd8 Rb2) 1-0

[Event "Hungarian Junior Rapid-ch 2024"]
[Site "Budapest"]
[Date "2024.03.23"]
[Round "2.3"]
[White "Makay, Mark Janos"]
[Black "Pasztor, Balazs"]
[Result "0-1"]
[ECO "C54"]
[WhiteElo "2042"]
[BlackElo "2406"]
[Annotator "TA"]
[PlyCount "58"]
[EventDate "2024.03.20"]
[EventType "swiss"]
[EventCountry "HUN"]
[SourceTitle "playchess.com"]
[Source "ChessBase"]
[SourceQuality "1"]
[TimeControl "600+5"]

1. e4 e5 2. Nf3 Nc6 3. Bc4 Bc5 4. c3 Nf6 5. d4 exd4 6. e5 d5 7. Bb5 Ne4 8. cxd4 Bb6 9. h3 O-O 10. O-O f6 11. Be3 f5 12. Nc3 f4 {[%emt 0:00:47] The position is equal.} 13. Bc1 (13. Bxc6 $1 $11 bxc6 14. Bd2) 13... Be6 {[%emt 0:00:42] Black is more active.} (13... Ng5 $1 $17 {[%cal Rg5f3] And now ...Nxf3+ would win.} 14. Nxg5 Qxg5 15. Nxd5 Nxd4) 14. Re1 $2 (14. Na4 $11 {and White is okay.}) 14... Ng5 $2 (14... Nxd4 $1 $19 15. Nxd4 Nxf2 16. Kxf2 Qh4+ 17. Kf1 f3) 15. Bxc6 $15 bxc6 16. Nh2 {[%emt 0:00:13] [#]} (16. Bd2 $1 $15) 16... Bd7 $2 ({Black should try} 16... Bxh3 $1 $19 {[%cal Of4f3] ...f3! would now be deadly.} 17. gxh3 Nxh3+ 18. Kg2 Qh4) 17. h4 $2 (17. Nf3 $15) 17... Ne6 $1 $19 18. Nf3 {[%emt 0:00:01] [#]} Be8 $1 {[%emt 0:00:37] aiming for ...Bh5.} 19. Ne2 (19. Ng5 $142 Nxg5 (19... Nxd4 20. e6 $17) 20. hxg5) 19... Bh5 20. Qd3 Bxf3 21. Qxf3 Qxh4 ({Worse is} 21... Bxd4 22. Nxd4 Nxd4 23. Qc3 $15) 22. Rd1 (22. Qh3 $142 Qxh3 23. gxh3) 22... Ng5 23. Qc3 f3 (23... Ne4 $142 24. Qf3 g5) 24. Bxg5 Qxg5 25. Ng3 fxg2 26. Qxc6 Rad8 27. Qc1 (27. Kxg2 {keeps fighting.} Rf4 28. f3) 27... Qg4 {[%emt 0:00:16][%cal Of8f2] Hoping for ...Rxf2! Black is clearly winning.} 28. Qe3 Rf3 29. Qe2 Rxg3 {Weighted Error Value: White=1.14/Black=0.53.  Loses game:     	White=2     	---        Mistake:       	White=5     	Black=3      Inaccurate:     	White=1     	---        OK:         	White=2     	Black=6      Best:        	White=2     	Black=5      Strong:       	---       	Black=1} (29... Bxd4 $2 {perishes.} 30. Rxd4 (30. Kxg2 Rxg3+ 31. fxg3 Qxe2+ 32. Kh3 Bxb2 33. Re1 Qh5+ 34. Kg2 Bxa1 35. Rxa1 Qe2+ 36. Kg1 Rf8 37. Rb1 Rf2 38. Rb8+ Kf7 39. e6+ Ke7 40. Rb1 Qf3 41. Re1 Qg2#) 30... Qxd4 31. Qxf3 Qxe5 32. Rc1 $18 (32. Kxg2 d4 $18)) 0-1

[Event "Hungarian Junior Rapid-ch 2024"]
[Site "Budapest"]
[Date "2024.03.23"]
[Round "2.4"]
[White "Juhasz, Agoston"]
[Black "Horvath, Andras"]
[Result "1-0"]
[ECO "C50"]
[WhiteElo "2406"]
[BlackElo "2260"]
[Annotator "TA"]
[PlyCount "81"]
[EventDate "2024.03.20"]
[EventType "swiss"]
[EventCountry "HUN"]
[SourceTitle "playchess.com"]
[Source "ChessBase"]
[SourceQuality "1"]
[TimeControl "600+5"]

1. e4 e5 2. Nf3 Nc6 3. Bc4 Nf6 4. d3 Bc5 5. O-O d6 6. Nc3 O-O 7. Na4 Bb6 8. c3 Be6 9. Bxe6 {[%emt 0:00:44] White has an edge.} fxe6 10. b4 Qe8 11. a3 Nh5 12. Ra2 Nf4 13. Nxb6 axb6 14. g3 Nh5 15. Kg2 Nf6 16. Qe2 Qh5 17. h3 h6 18. Rd2 Rf7 19. d4 exd4 (19... Raf8 {is more complex.} 20. Rd3 exd4 21. cxd4 b5) 20. Nxd4 Qxe2 (20... Qg6 $1 $15 {feels stronger.} 21. Nxc6 bxc6) 21. Rxe2 $11 Nxd4 22. cxd4 d5 23. f3 Raf8 ({Black should play} 23... dxe4 24. fxe4 b5) 24. Rff2 (24. exd5 $142 exd5 25. Rfe1) 24... c6 25. Bf4 (25. exd5 $11 exd5 26. a4) 25... g5 26. Be5 Ra8 27. Re3 Nd7 28. Bd6 Kg7 29. Rfe2 b5 30. exd5 exd5 31. Re7 Raf8 32. Rxf7+ Rxf7 {[%emt 0:00:02][%mdl 4096] Endgame. KRB-KRN} 33. Re8 Nb6 34. Be5+ Kg6 35. f4 {[%emt 0:00:32] [#] g4 would now be deadly.} Nc4 36. Re6+ Kh7 37. Kf3 {[%emt 0:00:06] Black must now prevent Kg4.} Nxa3 (37... h5 $1 $11) 38. Kg4 $16 Nc2 $2 {[%emt 0:00:05][%mdl 8192] [#]} (38... gxf4 $16 39. Bxf4 Nc2) 39. fxg5 $18 Ne3+ 40. Kh5 hxg5 41. Rh6+ {[%emt 0:00:02] Weighted Error Value: White=0.13 (very precise) /Black=0.34.  Loses game:     	---       	Black=1      Mistake:       	White=2     	Black=3      Inaccurate:     	White=6     	Black=5      OK:         	White=9     	Black=8      Best:        	White=1     	---} 1-0

[Event "Hungarian Junior Rapid-ch 2024"]
[Site "Budapest"]
[Date "2024.03.23"]
[Round "2.5"]
[White "Szarvas, Nora"]
[Black "Palczert, Matyas"]
[Result "0-1"]
[ECO "C45"]
[WhiteElo "1955"]
[BlackElo "2297"]
[Annotator "RC"]
[PlyCount "137"]
[EventDate "2024.03.20"]
[EventType "swiss"]
[EventCountry "HUN"]
[SourceTitle "playchess.com"]
[Source "ChessBase"]
[SourceQuality "1"]
[TimeControl "600+5"]

1. e4 e5 2. Nf3 Nc6 3. d4 exd4 4. Nxd4 Bc5 5. Nb3 Bb6 6. Nc3 d6 7. Bc4 Nge7 8. Bg5 Ne5 9. Be2 f6 10. Bh4 Be6 11. Qd2 Qd7 12. Nd5 Bxd5 13. exd5 Nf5 14. Bg3 h5 15. Bxe5 dxe5 16. Bd3 O-O-O 17. O-O-O Kb8 18. Qe2 Nd4 19. Nxd4 Bxd4 20. Bc4 Qg4 21. f3 Qg5+ 22. Kb1 Rd6 23. c3 Bc5 24. Rhe1 Rhd8 25. Bb3 a6 26. Rd2 h4 27. Red1 Qf4 28. h3 c6 29. Qe4 g5 30. Kc2 Qg3 31. Qg4 Qxg4 32. hxg4 Kc7 33. dxc6 Kxc6 34. Rxd6+ Bxd6 35. Bd5+ Kc7 36. c4 b6 37. Kd3 Rh8 38. Rh1 Bc5 39. Ke4 Kd6 40. Kf5 Ke7 41. a4 a5 42. Kg6 Bd4 43. b3 Rf8 44. Kf5 Kd6 45. Re1 Kc5 46. Rb1 Kb4 47. Ke6 Kc3 48. Ke7 Bc5+ 49. Ke6 Kc2 50. Be4+ Kd2 51. Rb2+ Ke3 52. Bd5 Bd4 53. Rc2 Kf4 54. Ke7 Bc5+ 55. Ke6 Kg3 56. Be4 Bf2 57. Ke7 Bc5+ 58. Ke6 Bf2 59. Ke7 Rh8 60. Kxf6 Kxg2 61. f4+ Kg3 62. fxg5 Rf8+ 63. Kxe5 h3 64. g6 Re8+ 65. Kf5 Rxe4 66. Kxe4 h2 67. Rc1 Bg1 68. Rc3+ Kh4 69. g7 0-1

[Event "Hungarian Junior Rapid-ch 2024"]
[Site "Budapest"]
[Date "2024.03.23"]
[Round "3.1"]
[White "Pasti, Aron"]
[Black "Matyassy, Lazar"]
[Result "0-1"]
[ECO "B68"]
[WhiteElo "2373"]
[BlackElo "2199"]
[Annotator "TA"]
[PlyCount "34"]
[EventDate "2024.03.20"]
[EventType "swiss"]
[EventCountry "HUN"]
[SourceTitle "playchess.com"]
[Source "ChessBase"]
[SourceQuality "1"]
[TimeControl "600+5"]

1. e4 c5 2. Nf3 d6 3. d4 cxd4 4. Nxd4 Nf6 5. Nc3 Nc6 6. Bg5 e6 7. Qd2 a6 8. O-O-O Be7 9. f4 Bd7 10. Be2 Qc7 11. Qe3 ({Better is} 11. Nb3 $14) 11... Rc8 12. Bf3 (12. Bxf6 $14 Bxf6 13. Ndb5 axb5 14. Nxb5) 12... b5 {[%emt 0:00:49] [#] aiming for ...b4.} 13. Nxc6 {[%emt 0:00:17] Black has an edge.} Bxc6 14. e5 (14. Kb1 $1 $15) 14... dxe5 (14... Bxf3 $17 15. gxf3 dxe5 16. Qxe5 b4 17. Qxc7 Rxc7 18. Bxf6 gxf6 (18... Bxf6 19. Ne4 $17)) 15. fxe5 (15. Qxe5 $15 Bxf3 16. Qxc7 Rxc7 17. gxf3) 15... Bxf3 $17 {[%emt 0:01:54] Black is clearly better.} 16. gxf3 {[%emt 0:04:48] [#]} Nd5 17. Rxd5 exd5 {White did not feel at home in the position after the opening.   Weighted Error Value: White=0.52/Black=0.23 (precise) .  Mistake:       	White=3     	Black=1      Inaccurate:     	---       	Black=1      OK:         	White=1     	---        Best:        	---       	Black=1      Brilliant:      	---       	Black=1} 0-1

[Event "Hungarian Junior Rapid-ch 2024"]
[Site "Budapest"]
[Date "2024.03.23"]
[Round "3.2"]
[White "Tancsa, Tamas"]
[Black "Karacsonyi, Gellert"]
[Result "1-0"]
[ECO "C00"]
[WhiteElo "2273"]
[BlackElo "2386"]
[Annotator "TA"]
[PlyCount "47"]
[EventDate "2024.03.20"]
[EventType "swiss"]
[EventCountry "HUN"]
[SourceTitle "playchess.com"]
[Source "ChessBase"]
[SourceQuality "1"]
[TimeControl "600+5"]

1. e4 e6 2. d4 d5 3. Bd3 dxe4 4. Bxe4 Nf6 5. Bf3 c5 6. Ne2 Be7 7. Be3 O-O 8. Nbc3 Qc7 {[%emt 0:00:25] Die Stellung ist ausgeglichen.} 9. O-O a6 (9... Rd8 $142) 10. d5 (10. Bf4 $142 Bd6 11. Bxd6 Qxd6 12. d5) 10... Rd8 $11 11. Nf4 Bd6 (11... e5 $15 12. d6 Qxd6 13. Qxd6 Bxd6) 12. g3 (12. dxe6 $1 $14 {kam in Betracht.} Bxe6 13. Kh1) 12... Be5 (12... e5 $11 13. Ng2 Re8) 13. Qd2 Bxc3 (13... Nc6 $11) 14. Qxc3 $16 (14. bxc3 Nc6 $15) 14... exd5 {[%emt 0:01:32] [#] ...d4 wäre nun fies.} 15. Qxc5 (15. Rfd1 {ist vielschichtiger.} Nc6 16. Nxd5 Nxd5 17. Bxd5 Bg4 18. f3) 15... Qxc5 16. Bxc5 {[%emt 0:00:02] Ein starkes Läuferpaar.} Nc6 {[%emt 0:00:32] Wehrt Be7 ab} 17. Rad1 Be6 18. Rfe1 Bf5 19. c3 {[%emt 0:01:45] Weiß steht aktiver.} ({Doch nicht} 19. Bxd5 $6 Bxc2 20. Rd2 Be4 $11) 19... Be4 20. Be2 Ne5 {[%emt 0:00:09] Gegen f3 gerichtet.} (20... Nd7 $1 $11 {bleibt in der Remisbreite.} 21. Bd4 Nde5) 21. Be7 Rd7 22. Bxf6 gxf6 23. Rd2 Rad8 24. Red1 {[%emt 0:00:14] Gewichteter Fehlerwert: Weiß=0.23 (präzise) /Schwarz=0.33.  Fehler:       	Weiß=2     	Schwarz=5     Ungenau:       	Weiß=4     	Schwarz=1     OK:         	Weiß=4     	Schwarz=5     Bester:       	---       	Schwarz=1} 1-0

[Event "Hungarian Junior Rapid-ch 2024"]
[Site "Budapest"]
[Date "2024.03.23"]
[Round "3.3"]
[White "Pasztor, Balazs"]
[Black "Daroczi, Donat"]
[Result "1/2-1/2"]
[ECO "B06"]
[WhiteElo "2406"]
[BlackElo "2171"]
[Annotator "TA"]
[PlyCount "42"]
[EventDate "2024.03.20"]
[EventType "swiss"]
[EventCountry "HUN"]
[SourceTitle "playchess.com"]
[Source "ChessBase"]
[SourceQuality "1"]
[TimeControl "600+5"]

1. e4 g6 2. d4 d6 3. Nf3 Bg7 4. Be3 a6 5. Qd2 Bg4 6. Be2 c5 7. Nc3 ({Reject} 7. dxc5 Bxb2 8. Bd4 Bxa1 9. Bxa1 f6 10. cxd6 Qxd6 $15) 7... Bxf3 8. Bxf3 {[%emt 0:00:09] White is slightly better.} cxd4 9. Bxd4 Nf6 10. Nd5 {[%emt 0:00:40] White is more active.} Nbd7 {[%emt 0:00:19] Against Bb6} 11. O-O O-O 12. Rad1 Rc8 13. c3 Re8 14. Nxf6+ Bxf6 15. Bxf6 Nxf6 {[%emt 0:00:01] [#] The position is equal.} 16. e5 $1 dxe5 17. Bxb7 Qxd2 18. Rxd2 Rc7 19. Bxa6 {[%emt 0:01:22] a4 would now be deadly.} Ra8 20. Bb5 {[%emt 0:00:29] aiming for a4.} Rxa2 21. Re1 e4 {[%emt 0:01:21] Weighted Error Value: White=0.08 (flawless) /Black=0.07 (flawless) .  Inaccurate:     	White=1     	Black=1      OK:         	White=5     	Black=7      Best:        	White=1     	Black=2} 1/2-1/2

[Event "Hungarian Junior Rapid-ch 2024"]
[Site "Budapest"]
[Date "2024.03.23"]
[Round "3.4"]
[White "Konyves, Almos"]
[Black "Juhasz, Agoston"]
[Result "1/2-1/2"]
[ECO "A06"]
[WhiteElo "2306"]
[BlackElo "2406"]
[Annotator "TA"]
[PlyCount "39"]
[EventDate "2024.03.20"]
[EventType "swiss"]
[EventCountry "HUN"]
[SourceTitle "playchess.com"]
[Source "ChessBase"]
[SourceQuality "1"]
[TimeControl "600+5"]

1. Nf3 d5 2. b3 Bg4 3. Bb2 Nd7 4. g3 Ngf6 5. Bg2 e6 6. O-O Be7 7. c4 O-O 8. Nc3 c6 9. d4 h6 10. h3 Bh5 11. a4 Qa5 12. g4 Bg6 13. Nd2 Bb4 14. Rc1 c5 15. dxc5 (15. Ncb1 $15) 15... d4 $17 16. Nce4 e5 17. f4 {[%emt 0:00:19] [#]} Bxe4 ({Weaker is} 17... Bxc5 18. Nxc5 Nxc5 19. f5 $16 (19. fxe5 Nfd7 $16)) (17... Nxc5 18. f5 Nfxe4 19. Nxe4 $18) (17... exf4 $1 $17 {Hoping for ...Rfe8.} 18. Bxd4 Rad8 (18... Nxc5 19. Nxf6+ gxf6 20. Nb1 $15) 19. Rxf4 Nxc5 (19... Bxc5 20. Nxc5 Nxc5 21. Qe1 $11) 20. Nxc5 (20. Nxf6+ $2 gxf6 21. Nf3 Ne6 $19) 20... Bxd2 21. Nxb7 Be3+ 22. Bxe3 Rxd1+ 23. Rxd1 Qe5) 18. Nxe4 $15 Nxe4 (18... Bxc5 $2 {perishes.} 19. Nxc5 Nxc5 20. fxe5 $18) 19. Bxe4 Nxc5 20. Bd5 {[%emt 0:00:40] Weighted Error Value: White=0.18 (very precise) /Black=0.09 (flawless) .  Mistake:       	White=1     	Black=1      OK:         	White=2     	Black=5      Best:        	White=1     	Black=1} 1/2-1/2

[Event "Hungarian Junior Rapid-ch 2024"]
[Site "Budapest"]
[Date "2024.03.23"]
[Round "3.5"]
[White "Palczert, Matyas"]
[Black "Panda, Barnabas"]
[Result "1-0"]
[ECO "B41"]
[WhiteElo "2297"]
[BlackElo "2066"]
[Annotator "TA"]
[PlyCount "52"]
[EventDate "2024.03.20"]
[EventType "swiss"]
[EventCountry "HUN"]
[SourceTitle "playchess.com"]
[Source "ChessBase"]
[SourceQuality "1"]
[TimeControl "600+5"]

1. e4 c5 2. Nf3 e6 3. d4 cxd4 4. Nxd4 a6 5. c4 Nf6 6. Nc3 Bb4 7. Qd3 Qc7 8. a3 Be7 9. Qg3 {[%emt 0:00:18] White is slightly better.} Qxg3 10. hxg3 d6 11. f3 {[%emt 0:00:05] White has more active pieces.} Bd7 12. Be3 Nc6 13. Nxc6 Bxc6 14. O-O-O Rc8 15. Kb1 O-O 16. g4 Nd7 17. Bf4 Ne5 {[%emt 0:00:27] [#]} 18. c5 $1 Rfd8 {[%emt 0:00:25][%cal Bf8d8,Bd8d6,Bd6d7,Bd7b7][%mdl 32] [#]} 19. cxd6 $1 Bxd6 {[%emt 0:00:04] [#]} (19... Ng6 $16 {is a better defense.}) 20. Rxd6 $1 $18 Rxd6 21. Bxe5 Rd7 22. Be2 f6 23. Bf4 {[%emt 0:00:04] White has a decisive advantage.} b5 24. g5 Rb7 25. gxf6 gxf6 26. e5 f5 {[%emt 0:00:46] Weighted Error Value: White=0.04 (flawless) /Black=0.17 (very precise) .  Mistake:       	---       	Black=1      Inaccurate:     	---       	Black=1      OK:         	White=8     	Black=5      Strong:       	White=1     	---        Brilliant:      	White=2     	---} 1-0

[Event "Hungarian Junior Rapid-ch 2024"]
[Site "Budapest"]
[Date "2024.03.23"]
[Round "6"]
[White "Szikszai, Bertalan"]
[Black "Konyves, Almos"]
[Result "1/2-1/2"]
[ECO "C50"]
[WhiteElo "2312"]
[BlackElo "2306"]
[Annotator "RC"]
[PlyCount "136"]
[EventDate "2024.03.20"]
[EventType "swiss"]
[EventCountry "HUN"]
[SourceTitle "playchess.com"]
[Source "ChessBase"]
[SourceQuality "1"]
[TimeControl "600+5"]

1. e4 e5 2. Nf3 Nc6 3. Bc4 Be7 4. d4 d6 5. O-O Nf6 6. Nc3 O-O 7. h3 h6 8. Be3 Re8 9. Re1 Bf8 10. dxe5 Nxe5 11. Bb3 Bd7 12. Nd2 Bc6 13. a4 Ng6 14. Qf3 Ne5 15. Qe2 d5 16. Rad1 dxe4 17. Ndxe4 Nfd7 18. Qh5 g6 19. Qe2 Qe7 20. Bf4 Bg7 21. Qe3 g5 22. Bg3 Ng6 23. Bxc7 Nf6 24. Nxf6+ Qxf6 25. Qg3 Nh4 26. Nd5 Bxd5 27. Bxd5 Qxb2 28. Bb3 Qf6 29. Qg4 Ng6 30. Bg3 Qb6 31. Qf5 Qf6 32. Qxf6 Bxf6 33. Rxe8+ Rxe8 34. Rd7 Re7 35. Rxe7 Nxe7 36. Bb8 Nc6 37. Bd6 Be5 38. Bc5 b6 39. Be3 Bd4 40. Bd2 Kf8 41. Kf1 Ke7 42. Ke2 f6 43. f4 Bc5 44. fxg5 hxg5 45. Kd3 Bb4 46. Be3 Bc5 47. Bc1 Bd6 48. Ke4 Bg3 49. Bd5 Nb4 50. Bb3 Nc6 51. Be3 Bd6 52. Bf2 Ne5 53. g3 Nd7 54. h4 gxh4 55. gxh4 Nf8 56. Kf5 Be5 57. h5 Ke8 58. h6 Ke7 59. Be3 Kd6 60. Bc1 Kc6 61. Ba3 Nh7 62. Kg6 Ng5 63. Bc1 b5 64. axb5+ Kxb5 65. Kf5 Bc3 66. Bg8 a5 67. h7 Nxh7 68. Bxh7 Kb4 1/2-1/2

[Event "Hungarian Junior Rapid-ch 2024"]
[Site "Budapest"]
[Date "2024.03.23"]
[Round "6"]
[White "Tancsa, Tamas"]
[Black "Pasztor, Balazs"]
[Result "1-0"]
[ECO "B56"]
[WhiteElo "2273"]
[BlackElo "2406"]
[Annotator "TA"]
[PlyCount "139"]
[EventDate "2024.03.20"]
[EventType "swiss"]
[EventCountry "HUN"]
[SourceTitle "playchess.com"]
[Source "ChessBase"]
[SourceQuality "1"]
[TimeControl "600+5"]

1. e4 c5 2. Nf3 d6 3. d4 cxd4 4. Nxd4 Nf6 5. Nc3 Nc6 6. Nd5 (6. Bb5 $14 Bd7 7. Bg5) 6... Nxd5 $1 $11 7. exd5 Qa5+ 8. Bd2 $1 {[%emt 0:00:01] Schwarz hat minimalen Vorteil.} Qxd5 9. Nb5 Qe6+ 10. Be2 Qd7 {[%emt 0:00:02] Es drohte Nc7+} 11. c4 e5 12. O-O Be7 13. f4 O-O 14. f5 a6 (14... d5 $15 15. cxd5 Qxd5) 15. Nc3 Nd4 16. Nd5 Bd8 (16... Nxf5 $2 {geht unter.} 17. Rxf5 Bd8 18. Rf1 $18) 17. f6 Nxe2+ 18. Qxe2 {[%emt 0:00:24] Und h3 würde nun gewinnen.} Qg4 19. Qd3 Be6 20. fxg7 Re8 21. Bb4 Rc8 22. b3 (22. Bxd6 Qxc4 23. Qxc4 Rxc4 24. Nf6+ Bxf6 25. Rxf6 Re4 $14 (25... Kxg7 26. Bxe5 Kf8 27. Bc3 $14)) 22... Rc6 23. Rad1 Qg6 24. Qxg6 hxg6 25. Nf6+ $1 Bxf6 $1 26. Rxf6 Kxg7 (26... d5 {ist vielschichtiger.} 27. cxd5 Bxd5 28. Rd6 Rxd6 29. Bxd6 Bc6) 27. Rf2 Bg4 28. Rxd6 Rxd6 29. Bxd6 {[%emt 0:00:02][%mdl 4096] Endspiel. KRB-KRB} e4 30. h3 e3 31. Rf1 Be2 32. Re1 Bd3 33. Bc5 e2 34. Kf2 b5 35. Bd4+ f6 36. c5 Re4 37. Be3 Kf7 38. Rc1 Ke8 39. Bd2 Kd7 40. Rc3 Bb1 41. a3 Kc6 42. b4 Ba2 43. Rg3 Bf7 44. Re3 Rxe3 45. Kxe3 {[%emt 0:00:02] KB-KB} Bc4 46. Kd4 Kd7 47. h4 Ke6 48. g4 Bd5 49. h5 {[%emt 0:00:09] h6 ist eine echte Drohung.} gxh5 (49... Bf3 $1 $11 {und Schwarz ist OK.}) 50. gxh5 $18 Bc6 51. Ke3 Kf7 52. Kxe2 Kg7 53. Kf2 Be8 54. h6+ Kg6 55. Kg3 Bc6 56. Kf4 Bd5 $2 (56... Bd7 57. Bc3 Bc6) 57. Bc3 Bc6 {[%emt 0:00:02] [#]} 58. h7 $1 Kxh7 59. Bxf6 Kg6 60. Bh4 {[%emt 0:00:03] Droht stark Ke5.} Kf7 61. Ke5 {[%emt 0:00:02] Droht Kd6 und aus.} Ke8 62. Kd6 Bf3 63. c6 Be4 64. Kc5 Bf3 65. Kb6 Be4 66. Kc5 ({Und nicht} 66. Kxa6 Bxc6 67. Kb6 Bd7 $11) 66... Bf3 $1 67. Kd6 Be4 $1 68. c7 Bb7 $2 (68... Bf5 $18 69. Bg3 Bh3) 69. Bg5 Bc8 70. Kc6 {[%emt 0:00:00] Gewichteter Fehlerwert: Weiß=0.13 (sehr präzise) /Schwarz=0.17 (sehr präzise) .  Verlustzug:     	---       	Schwarz=1     Fehler:       	---       	Schwarz=3     Ungenau:       	Weiß=4     	Schwarz=4     OK:         	Weiß=26    	Schwarz=26    Bester:       	Weiß=3     	Schwarz=2     Stark:        	Weiß=2     	Schwarz=4} 1-0